General information
- name: 1v1 obs vck with stshuo #4
- type: Custom game
- host: stshuo
- saver: cancerstacks
map: TwistedMeadows
- players: 12
- length: 13:22
- speed: Fast
- version: 1.24 W3XP
- replay type: Public
» download(81 KB)
Players
team 1 (loser)

»
cancerstacks (
blue | 153 APM | 2052 actions | 13:22)
4 Demon Hunter
2 Mana Burn
2 Evasion
3 Pandaren Brewmaster
2 Breath of Fire
1 Drunken Haze
» actions
| Assign group hotkey | 37 | |
| Basic commands | 159 | |
| Build / train | 63 | |
| Enter build submenu | 17 | |
| Enter hero's abilities submenu | 7 | |
| Give item / drop item | 7 | |
| Right click | 711 | |
| Select / deselect | 154 | |
| Select group hotkey | 862 | |
| Use ability | 35 | |
2052 total
» units
| Wisp | 23 | |
| Archer | 4 | |
| Dryad | 3 | |
| Hippogryph | 3 | |
| Druid of the Claw | 2 | |
35 total
» upgrades
| Druid of the Claw Training | 2 | |
| Abolish Magic | 1 | |
| Well Spring | 1 | |
| Ultravision | 1 | |
| Strength of the Wild | 1 | |
| Reinforced Hides | 1 | |
7 total
» buildings
| Altar of Elders | 1 | |
| Moon Well | 4 | |
| Ancient of War | 1 | |
| Tree of Ages | 2 | |
| Hunter's Hall | 1 | |
| Ancient of Wonders | 1 | |
| Ancient of Lore | 2 | |
| Tree of Life | 1 | |
| Ancient of Wind | 1 | |
| Tree of Eternity | 1 | |
15 total
» build order
00:07 Altar of Elders
00:19 Moon Well
00:30 Ancient of War
01:42 Moon Well
03:24 Tree of Ages
03:25 Tree of Ages
03:46 Hunter's Hall
03:55 Moon Well
04:18 Ancient of Wonders
05:39 Moon Well
06:12 Ancient of Lore
06:14 Ancient of Lore
06:48 Tree of Life
07:51 Ancient of Wind
08:34 Tree of Eternity
» items
| Boots of Speed | 1 | |
| Staff of Preservation | 2 | |
| Orb of Venom | 1 | |
4 total
team 2 (winner)
PeasantRicco (
red | 53 APM | 706 actions | 13:22)
1 Archmage
1 Blizzard
» actions
| Basic commands | 42 | |
| Build / train | 35 | |
| Enter build submenu | 26 | |
| Enter hero's abilities submenu | 1 | |
| Remove unit from queue | 1 | |
| Right click | 379 | |
| Select / deselect | 188 | |
| Use ability | 34 | |
706 total
» units
» upgrades
| Masonry | 1 | |
| Storm Hammers | 1 | |
| Swords | 1 | |
| Armor | 1 | |
4 total
» buildings
| Lumber Mill | 1 | |
| Farm | 8 | |
| Altar of Kings | 1 | |
| Scout Tower | 5 | |
| Guard Tower | 4 | |
| Keep | 2 | |
| Arcane Vault | 1 | |
| Arcane Tower | 1 | |
| Castle | 1 | |
| Gryphon Aviary | 2 | |
| Blacksmith | 1 | |
| Barracks | 1 | |
28 total
» build order
00:12 Lumber Mill
00:18 Farm
00:23 Altar of Kings
00:56 Farm
01:24 Scout Tower
01:31 Scout Tower
01:54 Guard Tower
02:01 Guard Tower
02:07 Farm
02:45 Keep
02:45 Keep
03:16 Scout Tower
03:18 Farm
03:44 Scout Tower
03:46 Guard Tower
03:48 Scout Tower
04:01 Arcane Vault
04:32 Arcane Tower
04:35 Guard Tower
05:12 Castle
05:15 Gryphon Aviary
05:19 Gryphon Aviary
06:27 Blacksmith
08:23 Farm
10:24 Farm
10:57 Barracks
11:17 Farm
11:23 Farm
» items
| Scroll of Regeneration | 2 | |
| Lesser Clarity Potion | 1 | |
3 total
observersstshuo,
Wolf_Cry,
Alpha-Ninja25,
SKiDzY,
staffabuse,
EZR.Hannibal,
pify,
GoDisMyHeRo,
G-UNlT-WHAT,
el.mexicano Chat log
(06:12 / All) PeasantRicco: nice micro
(06:15 / All) cancerstacks: thx
(08:18 / All) cancerstacks: ugh
(08:29 / All) PeasantRicco: ya I know
(09:07 / All) PeasantRicco: pretty noob?
(09:08 / All) PeasantRicco: me
(09:13 / All) cancerstacks: yes
(09:20 / All) PeasantRicco: :D
(11:46 / All) PeasantRicco: you brave ,am
(11:48 / All) PeasantRicco: man
(13:21 / All) cancerstacks: you win